 Dungeon Crawl Stone Soup version 0.24.0-125-gc4c63601f3 (webtiles) character file.

Game seed: 4138076084125488859, levelgen mode: deterministic

1481 H0rd4k the Ducker (level 9, -8/65 HPs)
             Began as a Human Artificer on Mar 16, 2020.
             Hit by a large rock thrown by a cyclops (37 damage)
             ... on level 7 of the Dungeon on Mar 17, 2020.
             The game lasted 00:16:17 (7284 turns).

H0rd4k the Ducker (Human Artificer)                 Turns: 7284, Time: 00:16:18

Health: -8/65      AC:  3    Str: 15    XL:     9   Next: 7%
Magic:  12/12      EV:  8    Int: 12    God:
Gold:   250        SH:  0    Dex: 14    Spells: 8/8 levels left

rFire    . . .     SeeInvis +   D - +0 falchion
rCold    . . .     Gourm    .   (no shield)
rNeg     . . .     Faith    .   b - +0 leather armour
rPois    .         Spirit   .   (no helmet)
rElec    .         Reflect  .   (no cloak)
rCorr    +         Harm     .   (no gloves)
MR       .....                  (no boots)
Stlth    ++........             (no amulet)
HPRegen  0.20/turn              o - ring of resist corrosion
MPRegen  0.13/turn              s - ring of see invisible

@: held
A: no striking features
a: no special abilities


You were on level 7 of the Dungeon.
You were very hungry.

You visited 1 branch of the dungeon, and saw 7 of its levels.

You collected 250 gold pieces.

Inventory:

Hand Weapons
 a - a +0 short sword
 c - a +1 dagger of protection
 D - a +0 falchion (weapon)
Missiles
 k - 21 poisoned darts (quivered)
Armour
 b - a +0 leather armour (worn)
Jewellery
 o - a ring of resist corrosion (left hand)
 s - a ring of see invisible (right hand)
 A - an uncursed amulet of magic regeneration
Wands
 d - a wand of enslavement (3)
 e - a wand of random effects (4)
 u - a wand of polymorph (7)
 y - a wand of flame (2)
Scrolls
 g - a scroll of enchant armour {unknown}
 i - 5 scrolls of teleportation
 l - a scroll of fog
 m - a scroll of enchant weapon {unknown}
 p - 3 scrolls of remove curse
 r - 2 scrolls of fear
 C - 2 scrolls of magic mapping {unknown}
Potions
 j - 3 potions of heal wounds
 n - 3 potions of flight
 q - a potion of cancellation
 v - a potion of lignification
 x - a potion of curing
 z - a potion of brilliance
Comestibles
 f - 10 rations


   Skills:
 + Level 4.1 Fighting
 + Level 5.2(5.3) Short Blades
 + Level 0.8(3.3) Long Blades
 + Level 0.1 Throwing
 + Level 3.3 Armour
 + Level 5.9 Dodging
 + Level 2.8 Stealth
 + Level 4.7 Evocations


You had 8 spell levels left.
You didn't know any spells.
Your spell library contained the following spells:

 Spells                   Type           Power        Failure   Level  Hunger
 Confusing Touch          Hex            #.....       38%         1    ##.....
 Confuse                  Hex            #.......     77%         3    ####...
 Gell's Gravitas          Tloc           #.........   77%         3    ####...
 Petrify                  Tmut/Erth      #.......     99%         4    #####..
 Metabolic Englaciation   Hex/Ice        #.........   100%        5    ######.
 Yara's Violent Unravell  Hex/Tmut       #.........   100%        5    ######.


Dungeon Overview and Level Annotations

Branches:
Dungeon (7/15)             Temple (0/1) D:4

Altars:
Cheibriados
Dithmenos
Fedhas
Kikubaaqudgha
Nemelex Xobeh
Trog
Uskayaw

Shops:
D:6 %

Annotations:
D:3 exclusion: downstairs
D:5 Edmund
D:6 exclusion: downstairs
D:7 Duvessa, Harold


Message History

You feel a bit more experienced.
Harold the Weathered comes into view.
He is wielding a -2 war axe and carrying a wand of digging (4).
Harold shouts!
Harold throws a throwing net.
The throwing net hits you.
You become entangled in the net!
You see here a throwing net.
You struggle against the net.
You struggle against the net.
Harold says, "Do you have any idea what people are willing to pay to have you killed, H0rd4k?"
Harold points at you and mumbles some strange words.
The harpoon shot hits you!
You are yanked forward by the harpoon shot.
A bullfrog, a cyclops and a hungry ghost come into view.
Harold throws a throwing net.
The throwing net hits you.
You become entangled in the net!
The hungry ghost moves out of view.
You see here a throwing net.
You struggle against the net.
The cyclops throws a large rock.
The large rock hits you!!!
Ouch! That really hurt!
You die...

...# ...#########
##.)5e.....# #.#######.#
# ##.### #.# .# .....#
#.# .#
.....#####.########.#
...........<........####.
.....#####.....(@......C.
...$.# ########F..####
###### #@..# ....#
....... ...W.....
#........... #.W.........
#.##...###..


You could see Harold, a cyclops, a hungry ghost (wandering) and a bullfrog.

Vanquished Creatures
  Pikel (D:5)
  A slave (D:5)
  A centaur (D:5)
  2 bullfrogs (D:6)
  2 scorpions
  3 vampire bats (D:2)
  A crimson imp (D:6)
  A bullfrog zombie (D:5)
  2 bullfrog skeletons (D:5)
  An orc wizard (D:4)
  An iron imp (D:6)
  Natasha (thrice) (D:2)
  6 worker ants
  A worker ant zombie (D:5)
  4 gnolls (D:4)
  2 howler monkey skeletons (D:5)
  9 adders
  An ooze (D:5)
  A worm (D:3)
  6 dart slugs
  4 leopard geckos
  10 orcs
  2 ball pythons
  13 bats
  2 bat skeletons (D:2)
  4 bat zombies (D:2)
  8 giant cockroaches
  8 goblins
  9 hobgoblins
  3 jackals
  6 kobolds
  3 quokkas (D:2)
  9 frilled lizards
  A jackal skeleton (D:5)
  12 rats
143 creatures vanquished.

Vanquished Creatures (collateral kills)
  A scorpion (D:7)
  Dowan (D:7)
  A crimson imp (D:7)
  An iguana (D:4)
  A dart slug (D:3)
  A goblin (D:3)
  A jackal (D:3)
  2 kobolds (D:3)
9 creatures vanquished.

Vanquished Creatures (others)
  A sky beast (D:5)
  A slave (D:5)
  A worker ant (D:4)
  An adder (D:3)
4 creatures vanquished.

Grand Total: 156 creatures vanquished

Notes
Turn   | Place    | Note
-------+----------+-------------------------------------------
     0 | D:1      | H0rd4k the Human Artificer began the quest for the Orb.
     0 | D:1      | Reached XP level 1. HP: 15/15 MP: 3/3
   102 | D:1      | Reached XP level 2. HP: 19/21 MP: 4/4
   292 | D:1      | Reached XP level 3. HP: 21/26 MP: 5/5
   958 | D:2      | Noticed Natasha
   975 | D:2      | Killed Natasha
   975 | D:2      | Reached skill level 1 in Armour
   975 | D:2      | Reached XP level 4. HP: 16/32 MP: 6/6
  1165 | D:2      | Noticed Natasha
  1176 | D:2      | Killed Natasha
  1345 | D:2      | Reached XP level 5. HP: 29/38 MP: 7/7
  1444 | D:2      | Noticed Natasha
  1479 | D:2      | Killed Natasha
  2105 | D:2      | Found an ancient bone altar of Kikubaaqudgha.
  2125 | D:2      | Reached XP level 6. HP: 27/44 MP: 9/9
  2778 | D:3      | Noticed a moth of wrath
  2781 | D:3      | Found a bloodstained altar of Trog.
  3031 | D:3      | Found a blossoming altar of Fedhas.
  3340 | D:3      | Found a hide-covered altar of Uskayaw.
  3919 | D:4      | Reached XP level 7. HP: 27/50 MP: 10/10
  4451 | D:4      | Found a staircase to the Ecumenical Temple.
  4600 | D:5      | Entered Level 5 of the Dungeon
  4601 | D:5      | Noticed Pikel
  5108 | D:5      | Found a sparkling altar of Nemelex Xobeh.
  5220 | D:5      | Noticed Edmund
  5638 | D:5      | Reached XP level 8. HP: 46/58 MP: 11/11
  5773 | D:5      | Killed Pikel
  5773 | D:5      | Reached skill level 5 in Dodging
  6365 | D:6      | Found Nustiy's Food Emporium.
  6370 | D:6      | Reached skill level 5 in Short Blades
  6588 | D:6      | Found a snail-covered altar of Cheibriados.
  6677 | D:6      | Found a snail-covered altar of Cheibriados.
  6792 | D:6      | Found a shadowy altar of Dithmenos.
  6806 | D:6      | Reached XP level 9. HP: 18/65 MP: 12/12
  7214 | D:7      | Noticed Duvessa
  7215 | D:7      | Noticed Dowan
  7221 | D:7      | Killed Dowan
  7280 | D:7      | Noticed Harold
  7283 | D:7      | Noticed a cyclops
  7284 | D:7      | Hit by a large rock thrown by a cyclops

Levels and vault maps discovered:
D:1:      psy_arrival_conway, layout_loops_cross, minmay_pentomino_u2
D:2:      wad_pebble_path, layout_basic, kennysheep_vampire_church,
          eino_tiny_chamber, fountainhead, uniq_natasha
D:3:      layout_loops_corners, old_standard_altar, fedhas_altar_1, tgw_trog
D:4:      layout_cave_pools, minmay_temple_entry_mist, first_ration,
          corexii_item_surrounded_by_moat, grunt_decor_resistance
D:5:      minmay_skewed_foursquare, layout_layer_cave,
          nemelex_xobeh_ov_fountains_minmay, uniq_pikel, uniq_edmund
D:6:      layout_rooms, slow_altar_2, lemuel_doored_altar, serial_shops, shop,
          kennysheep_slug_shrine
D:7:      layout_loops_ring, minmay_misc_feat_alley, uniq_harold, uniq_duvessa

Skill      XL: |  1  2  3  4  5  6  7  8 |
---------------+-------------------------+-----
Armour         | 1 2 3 |  3.3
Short Blades   | 2 3 4 5 |  5.2
Evocations     | 4 |  4.7
Fighting       | 2 3 4 |  4.1
Dodging        | 3 4 5 |  5.9
Stealth        | 2 |  2.8
Long Blades    | |  0.8
Throwing       | |  0.1

Action                   |  1- 3 |  4- 6 |  7- 9 || total
-------------------------+-------+-------+-------++-------
Melee: Short sword       |    99 |   307 |       ||   406
       Dagger            |       |    46 |   381 ||   427
       Falchion          |       |       |    72 ||    72
Throw: Dart              |       |       |     4 ||     4
Evoke: Wand              |     1 |    19 |    25 ||    45
  Use: Scroll            |       |     3 |     5 ||     8
       Potion            |       |       |     5 ||     5
 Stab: Sleeping          |     3 |     2 |     3 ||     8
       Confused          |       |       |     1 ||     1
  Eat: Chunk             |       |    10 |     7 ||    17
       Ration            |       |       |     1 ||     1
Armor: Leather armour    |    24 |   177 |   113 ||   314
Dodge: Dodged            |    80 |   315 |   258 ||   653
       Rpst.: Falchion   |       |       |    13 ||    13
